 Dungeon Sprint DCSS version 0.21-a0-270-g8204059 (webtiles) character file.

8308 potatolord6000 the Eclecticist (level 11, -2/73 HPs)
             Began as a Deep Elf Necromancer on Sept 13, 2017.
             Was the Champion of Kikubaaqudgha.
             Slain by a ghoul (20 damage)
             ... in the Dungeon (Sprint V: "Ziggurat Sprint").
             The game lasted 00:19:25 (1396 turns).

potatolord6000 the Eclecticist (DENe)               Turns: 1396, Time: 00:19:26

Health: -2/73      AC:  2    Str:  3    XL:     11   Next: 8%
Magic:  8/41       EV: 21    Int: 28    God:    Kikubaaqudgha [******]
Gold:   0          SH:  0    Dex: 15    Spells: 11/40 levels left

rFire    . . .     SeeInvis .   m - staff of death
rCold    + + +     Gourm    .   (no shield)
rNeg     + . .     Faith    .   a - +0 robe
rPois    .         Spirit   .   (no helmet)
rElec    +         Reflect  .   (no cloak)
rCorr    .         Harm     .   (no gloves)
MR       +....     NoTele   +   (no boots)
Stlth    ++........             (no amulet)
HPRegen  0.22/turn              F - ring "Lesed" {rC++ MP+9 Str-3 Slay+5}
MPRegen  0.27/turn              E - ring of Zenitaun {rElec rC+ Int+5}

@: very slightly contaminated, studying Unarmed Combat
A: no striking features
a: Receive Corpses, Torment, Renounce Religion


You were in the Dungeon.
You worshipped Kikubaaqudgha.
Kikubaaqudgha was exalted by your worship.
You were not hungry.

You visited 1 branch

Inventory:

Armour
 a - a +0 robe (worn)
Magical Staves
 m - an uncursed staff of death (weapon)
Jewellery
 E - the ring of Zenitaun (right hand) {rElec rC+ Int+5}
   (You found it in the Dungeon)

   [ring of intelligence]

   It affects your intelligence (+5).
   It protects you from cold.
   It insulates you from electricity.
 F - the ring "Lesed" (left hand) {rC++ MP+9 Str-3 Slay+5}
   (You found it in the Dungeon)

   [ring of magical power]

   It affects your strength (-3).
   It affects your accuracy and damage with ranged weapons and melee attacks
   (+5).
   It greatly protects you from cold.
   It affects your magic capacity (+9).
Scrolls
 o - 4 scrolls of amnesia
 p - 3 scrolls of recharging
 q - 7 scrolls of fog
 r - a scroll of holy word
 s - 5 scrolls of identify
 t - a scroll of remove curse
 u - a scroll of fear
 D - a scroll of brand weapon
Potions
 d - 4 potions of curing
 f - 4 potions of haste
 g - 6 potions of magic
 h - 3 potions of berserk rage
 v - 2 potions of brilliance
 x - 2 potions of resistance
 A - 3 potions of agility
 B - 3 potions of might
Books
 b - a book of Necromancy

   Spells                             Type                      Level
   a - Pain                           Necromancy                   1
   b - Animate Skeleton               Necromancy                   1
   c - Vampiric Draining              Necromancy                   3
   d - Regeneration                   Charms/Necromancy            3
   e - Animate Dead                   Necromancy                   4
   f - Control Undead                 Necromancy                   4
 n - a Necronomicon

   Spells                             Type                      Level
   a - Haunt                          Necromancy/Summoning         7
   b - Borgnjor's Revivification      Necromancy                   8
   c - Death's Door                   Charms/Necromancy            8
   d - Infestation                    Necromancy                   8
   e - Necromutation                  Transmutation/Necromancy     8
 y - a manual of Unarmed Combat
 z - Kikubaaqudgha's Almanac of Dark Rituals
   (Kikubaaqudgha gifted it to you in the Dungeon)

   Spells                             Type                      Level
   a - Pain                           Necromancy                   1
   b - Corpse Rot                     Necromancy                   2
   c - Sublimation of Blood           Necromancy                   2
   d - Regeneration                   Charms/Necromancy            3
   e - Control Undead                 Necromancy                   4
 C - Kikubaaqudgha's Compendium of Unholy Rituals
   (Kikubaaqudgha gifted it to you in the Dungeon)

   Spells                             Type                      Level
   a - Excruciating Wounds            Charms/Necromancy            5
   b - Bolt of Draining               Conjuration/Necromancy       5
   c - Agony                          Necromancy                   5
   d - Cigotuvi's Embrace             Necromancy                   5
   e - Dispel Undead                  Necromancy                   5
Comestibles
 c - 5 bread rations
 k - 42 fruits
 l - 2 meat rations


   Skills:
 + Level 10.4 Fighting
   Level 9.2(9.4) Polearms
 + Level 2.6(8.1) Staves
 - Level 12.3 Dodging
 - Level 2.4 Stealth
 + Level 15.4 Spellcasting
 + Level 7.3 Summonings
 + Level 14.8 Necromancy


You had 11 spell levels left.
You knew the following spells:

 Your Spells              Type           Power        Failure   Level  Hunger
a - Pain                  Necr           ####         0%          1    None
b - Animate Dead          Necr           N/A          1%          4    None
c - Control Undead        Necr           ########..   1%          4    None
d - Agony                 Necr           ########     1%          5    None
e - Haunt                 Necr/Summ      #######...   21%         7    #####..
f - Infestation           Necr           ########..   32%         8    ######.


Dungeon Overview and Level Annotations

Branches:
Dungeon (1/1)

Altars:
Ashenzari
Cheibriados
Dithmenos
Elyvilon
Fedhas
Gozag
Hepliaklqana
Kikubaaqudgha
Makhleb
Nemelex Xobeh
Okawaru
Qazlal
Ru
Sif Muna
Trog
Uskayaw
Vehumet
Wu Jian
Xom
Yredelemnul
Zin
The Shining One
Beogh
Jiyva
Lugonu

Annotations:
D 1 transporter


Message History

The soul eater hits your bullfrog zombie!
Your bullfrog zombie is destroyed!
Your adder zombie misses the soul eater.
Your worm zombie bites the soul eater but does no damage.
Your leopard gecko zombie closely misses the soul eater.
Your tengu conjurer zombie hits the soul eater but does no damage.
Your tengu conjurer zombie pecks the soul eater but does no damage.
Your tengu conjurer zombie barely misses the soul eater.
Unknown command.
Unknown command.
Your wyvern zombie bites the soul eater but does no damage.
Your adder zombie bites the soul eater but does no damage.
The soul eater hits your goblin zombie!!
Your goblin zombie is destroyed!
Your centaur warrior zombie barely misses the soul eater.
Your adder zombie bites the soul eater but does no damage.
The soul eater hits your wyvern zombie. The ghoul misses you.
The ghoul claws you!!
You die...
Kikubaaqudgha rasps: "You have failed me!
Welcome... death!"

▓Z.[=)[|..▓..)[.})..▓
▓ZZ}|)))..▓...):}}..▓
▓3ZZ......▓......)..▓
▓ZZ.......▓....)....▓
▓....†....▓.........▓
▓.........▓.........▓
▓ZZ.......▓.▓....)▓.▓
▓3Zn......▓....©....▓
▓Z..@©....▓▓▓▓▓▓▓▓▓▓▓
▓▓▓▓▓▓▓▓▓▓▓


You could see a ghoul, 2 soul eaters, a friendly leopard gecko zombie, 2
friendly adder zombies, a friendly worm zombie, a friendly wyvern zombie, a
friendly deep elf mage zombie, a friendly centaur zombie, a friendly centaur
warrior zombie, a friendly two-headed ogre zombie and a friendly tengu conjurer
zombie.

Vanquished Creatures
  A deep elf sorcerer (D)
  An ice dragon (D)
  A death knight (D)
  A deep elf knight (D)
  A deep elf archer (D)
  A deep elf mage (D)
  An orc sorcerer (D)
  A shining eye (D)
  2 porcupines (D)
  A swamp drake (D)
  An orc warrior (D)
  An earth elemental (D)
  An orc wizard (D)
  A ball python (D)
  A bat zombie (D)
16 creatures vanquished.

Vanquished Creatures (collateral kills)
  A shadow dragon (D)
  A dancing weapon (D)
  2 soul eaters (D)
  A shining eye (D)
  A black mamba (D)
  A naga mage (D)
  A slime creature (D)
  A golden eye (D)
  A large abomination (D)
  2 fire elementals (D)
  2 steam dragons (D)
  A naga (D)
  A hell hound (D)
  A water moccasin (D)
  A small abomination (D)
  2 orc warriors (D)
  A swamp drake (D)
  2 crimson imps (D)
  A jelly (D)
  2 orc priests (D)
  An iron imp (D)
  An iguana (D)
  2 adders (D)
  2 shadow imps (D)
  2 ufetubi (D)
  An ooze (D)
  An orc (D)
  A spectral bat (D)
  A bat zombie (D)
  4 ball pythons (D)
  A quokka zombie (D)
43 creatures vanquished.

Vanquished Creatures (others)
  A fire elemental (D)
  A fire vortex (D)
2 creatures vanquished.

Grand Total: 61 creatures vanquished

Notes
Turn   | Place    | Note
-------+----------+-------------------------------------------
     0 | D        | Found the +6 Majin-Bo {vamp, Archmagi MP+6 Int+6}
     0 | D        | Found the +7 great mace "Firestarter" {inner flame, rF++}
     0 | D        | potatolord6000 the Deep Elf Necromancer began the quest for the Orb.
     0 | D        | Reached XP level 1. HP: 10/10 MP: 6/6
     0 | D        | Found a deep blue altar of Sif Muna.
     0 | D        | Found a bloodstained altar of Trog.
     0 | D        | Found a sacrificial altar of Ru.
     0 | D        | Found a stormy altar of Qazlal.
     0 | D        | Found an iron altar of Okawaru.
     3 | D        | Found a sparkling altar of Nemelex Xobeh.
     4 | D        | Found an ancient bone altar of Kikubaaqudgha.
     4 | D        | Found a corrupted altar of Lugonu.
     4 | D        | Found a transporter.
     4 | D        | Found a burning altar of Makhleb.
     4 | D        | Found a viscous altar of Jiyva.
     4 | D        | Found a hazy altar of Hepliaklqana.
    11 | D        | Found the +9 heavy crossbow "Sniper" {velocity, Acc+∞ SInv}
    11 | D        | Found the +10 dark maul {crush}
    11 | D        | Found the +15 Maxwell's patent armour {-Cast -Tele rElec MR+ rCorr}
    11 | D        | Found the +18 shield of the Gong {rElec rN+ MR+ EV-5}
    11 | D        | Found the cursed +14 obsidian axe {chop, +Fly SInv *Curse}
    14 | D        | Became a worshipper of Kikubaaqudgha
    21 | D        | Found the +6 shillelagh "Devastator" {shatter}
    21 | D        | Found the +11 plutonium sword {*Contam Stlth-}
    21 | D        | Found the +8 lance "Wyrmbane" {slay drac, rPois rF+ rC+ AC+3}
    21 | D        | Found the +9 sword of Zonguldrok {reap}
    21 | D        | Found the cursed +13 scythe of Curses {drain, *Curse}
    21 | D        | Found the +0 sword of Power
    21 | D        | Found the +2 mace of Variability {chaos}
    21 | D        | Found the +7 Singing Sword
    21 | D        | Found the +7 longbow "Piercer" {penet, EV-2}
    24 | D        | Found an opulent altar of Gozag.
    41 | D        | Found a blossoming altar of Fedhas.
    54 | D        | Reached skill level 5 in Spellcasting
    54 | D        | Reached XP level 2. HP: 16/16 MP: 7/10
    84 | D        | Entered arena 2.
    84 | D        | Noticed an ice dragon
    84 | D        | Noticed a death knight
    84 | D        | Found a transporter.
    92 | D        | Killed an ice dragon
    92 | D        | Reached skill level 5 in Polearms
    92 | D        | Reached skill level 10 in Spellcasting
    92 | D        | Reached skill level 10 in Necromancy
    92 | D        | Reached XP level 3. HP: 14/25 MP: 10/16
    92 | D        | Reached XP level 4. HP: 17/30 MP: 11/18
    92 | D        | Reached XP level 5. HP: 19/34 MP: 11/19
    92 | D        | Reached XP level 6. HP: 22/39 MP: 12/21
    92 | D        | Reached XP level 7. HP: 25/44 MP: 12/22
    96 | D        | Killed a death knight
    96 | D        | Reached skill level 10 in Dodging
    96 | D        | Reached skill level 11 in Spellcasting
    96 | D        | Reached XP level 8. HP: 30/50 MP: 13/25
   111 | D        | Learned a level 4 spell: Animate Dead
   117 | D        | Learned a level 4 spell: Control Undead
   125 | D        | Entered arena 3.
   125 | D        | Found a transporter.
   128 | D        | Reached * piety under Kikubaaqudgha
   128 | D        | Identified Kikubaaqudgha's Almanac of Dark Rituals (Kikubaaqudgha gifted it to you in the Dungeon)
   128 | D        | Received a gift from Kikubaaqudgha
   145 | D        | Entered arena 4.
   145 | D        | Found a transporter.
   147 | D        | Reached ** piety under Kikubaaqudgha
   243 | D        | Entered arena 5.
   243 | D        | Found a transporter.
   252 | D        | Reached *** piety under Kikubaaqudgha
   252 | D        | Identified Kikubaaqudgha's Compendium of Unholy Rituals (Kikubaaqudgha gifted it to you in the Dungeon)
   252 | D        | Received a gift from Kikubaaqudgha
   252 | D        | Reached skill level 12 in Spellcasting
   253 | D        | Reached XP level 9. HP: 40/57 MP: 22/27
   357 | D        | Entered arena 6.
   357 | D        | Found a transporter.
   363 | D        | Reached **** piety under Kikubaaqudgha
   398 | D        | Entered arena 7.
   398 | D        | Noticed a naga mage
   398 | D        | Noticed a black mamba
   405 | D        | Killed a black mamba
   406 | D        | Reached ***** piety under Kikubaaqudgha
   407 | D        | Killed a naga mage
   411 | D        | Found a transporter.
   422 | D        | Identified Sif Muna's Volume of Sinister Magic and the Snowflakes (You found it in the Dungeon)
   671 | D        | Entered arena 8.
   671 | D        | Noticed a shining eye
   671 | D        | Noticed a shining eye
   678 | D        | Learned a level 5 spell: Agony
   686 | D        | Killed a shining eye
   686 | D        | Reached skill level 13 in Spellcasting
   688 | D        | Killed a shining eye
   690 | D        | Found a transporter.
   703 | D        | Got the ring of Zenitaun {rElec rC+ Int+5}
   712 | D        | Entered arena 9.
   719 | D        | Found a transporter.
   721 | D        | Reached ****** piety under Kikubaaqudgha
   940 | D        | Received a gift from Kikubaaqudgha
   950 | D        | Learned a level 7 spell: Haunt
   959 | D        | Learned a level 8 spell: Infestation
   991 | D        | Got the ring "Lesed" {rC++ MP+9 Str-3 Slay+5}
  1064 | D        | Entered arena 10.
  1064 | D        | Noticed a deep elf sorcerer
  1064 | D        | Noticed a deep elf archer
  1064 | D        | Noticed a deep elf mage
  1064 | D        | Noticed an orc sorcerer
  1064 | D        | Noticed a flail of venom
  1064 | D        | Noticed a deep elf knight
  1066 | D        | Noticed a smoke demon
  1069 | D        | Killed a flail of venom
  1069 | D        | Reached XP level 10. HP: 66/66 MP: 29/29
  1070 | D        | Found a transporter.
  1080 | D        | Killed a deep elf sorcerer
  1080 | D        | Reached skill level 14 in Spellcasting
  1083 | D        | Killed a deep elf knight
  1083 | D        | Reached skill level 5 in Summonings
  1089 | D        | Killed an orc sorcerer
  1091 | D        | Killed a deep elf archer
  1092 | D        | Killed a deep elf mage
  1092 | D        | Reached skill level 10 in Fighting
  1244 | D        | Entered arena 11.
  1255 | D        | Reached skill level 15 in Spellcasting
  1266 | D        | Found a transporter.
  1332 | D        | Entered arena 12.
  1332 | D        | Noticed a soul eater
  1332 | D        | Noticed a soul eater
  1332 | D        | Noticed a shadow dragon
  1337 | D        | Noticed a ghoul
  1340 | D        | Noticed a soul eater
  1343 | D        | Noticed a soul eater
  1348 | D        | Killed a shadow dragon
  1348 | D        | Reached skill level 1 in Staves
  1348 | D        | Reached XP level 11. HP: 31/72 MP: 32/32
  1356 | D        | Found a transporter.
  1383 | D        | Killed a soul eater
  1384 | D        | Killed a soul eater
  1396 | D        | Slain by a ghoul

Vault maps used:
D:        sprint_v

Skill      XL: |  1  2  3  4  5  6  7  8  9 10 11 |
---------------+----------------------------------+-----
Fighting       | 2 6 7 9 10 | 10.4
Polearms       | 2 5 6 8 9 |  9.2
Dodging        | 4 9 10 11 12 | 12.3
Spellcasting   | 5 10 11 12 13 15 | 15.4
Necromancy     | 6 10 11 13 14 | 14.8
Summonings     | 2 7 |  7.3
Staves         | 1 2 |  2.6
Stealth        | |  2.4

Action                   |  1- 3 |  4- 6 |  7- 9 | 10-12 || total
-------------------------+-------+-------+-------+-------++-------
Melee: Scythe            |     4 |       |    31 |    13 ||    48
       Staff             |       |       |       |     3 ||     3
 Cast: Animate Dead      |       |       |     9 |     8 ||    17
       Pain              |       |       |     4 |       ||     4
       Agony             |       |       |     3 |     3 ||     6
       Haunt             |       |       |       |     1 ||     1
       Control Undead    |       |       |       |     2 ||     2
Invok: Receive Corpses   |       |       |     8 |    10 ||    18
       Receive Necronomi |       |       |     1 |       ||     1
  Use: Potion            |     6 |       |     8 |    14 ||    28
       Scroll            |     1 |       |     4 |     4 ||     9
 Stab: Invisible         |     1 |       |     2 |     1 ||     4
  Eat: Meat ration       |       |       |     2 |       ||     2
Armor: Robe              |       |       |     1 |     3 ||     4
Dodge: Dodged            |       |       |    28 |    61 ||    89

Table legend:
 A = Spawn XP
 B = Non-spawn XP
 C = Spawn XP percentage of total XP
 D = Spawn monster count
 E = Non-spawn monster count
 F = Spawn count percentage of total count
 G = Total turns spent on level
                    A         B        C        D         E        F      G
               +---------+---------+-------+---------+---------+-------+---------
         Total |       0 |   11857 |   0.0 |       0 |      59 |   0.0 |  1396
               +---------+---------+-------+---------+---------+-------+---------
             D |       0 |   11857 |   0.0 |       0 |      59 |   0.0 |  1396
               +---------+---------+-------+---------+---------+-------+---------
